 Dungeon Crawl Stone Soup version 0.14-a0-2759-g5bb4bfe (webtiles) character file.

15974 HollowCharge the Martial Artist (level 12, -9/103 (104) HPs)
             Began as a White Draconian Transmuter on Feb 22, 2014.
             Was a Priest of Dithmenos.
             Mangled by an eight-headed hydra (11 damage)
             ... on Level 5 of the Lair of Beasts on Feb 23, 2014.
             The game lasted 01:25:48 (17873 turns).

HollowCharge the Martial Artist (DrTm)             Turns: 17873, Time: 01:25:48

HP  -9/103 (104) AC  2     Str 14      XL: 12   Next:  1%
MP  34/36        EV 29     Int 13      God: Dithmenos [***...]
Gold 565         SH  0     Dex 21      Spells:  3 memorised, 16 levels left

rFire  . . .     SeeInvis .       - Unarmed
rCold  + . .     Clarity  .     (armour unavailable)
rNeg   . . .     Conserve .     (shield currently unavailable)
rPois  x         rCorr    +     (helmet currently unavailable)
rElec  .         rRot     .     (cloak currently unavailable)
SustAb . .       Spirit   .     E - melded +2 pair of dwarf gloves
rMut   .         Warding  .     w - melded +2 pair of boots
Saprov . . .     Stasis   .     u - amulet of resist corrosion
MR     .....                    f - ring of protection from cold
                                c - ring of magical power

@: spider-form, wreathed by umbra, quick, not resistant to hostile enchantments,
stealthy
A: (breathe frost), unfitting armour, (hooves 0), (cold resistance 0), (poison
resistance), regeneration 2, AC +8
a: End Transformation, Shadow Step, Renounce Religion


You were on level 5 of the Lair of Beasts.
You worshipped Dithmenos.
Dithmenos was most pleased with you.
You were not hungry.
You were in spider-form.
You visited 3 branches of the dungeon, and saw 15 of its levels.
You also visited: Sewer.

You collected 789 gold pieces.
You spent 224 gold pieces at shops.

Inventory:

Armour
 w - a +2 pair of boots (melded)
 E - a +2 pair of dwarven gloves (melded)
Magical devices
 h - a wand of digging (10)
 l - a wand of flame (11)
 n - a wand of slowing (13)
 A - a wand of paralysis (13)
 H - a wand of polymorph (5)
 N - a wand of invisibility (0)
 P - a wand of frost (9)
Comestibles
 a - 7 bread rations
 o - 2 oranges
 t - 2 apples
 B - 5 meat rations
 G - 7 pears
 I - a snozzcumber
 K - 4 strawberries
Scrolls
 g - 5 scrolls of remove curse
 i - 4 scrolls of identify
 j - 4 scrolls of recharging
 q - a scroll of curse jewellery {unknown}
 v - 2 scrolls of fog
 C - a scroll of magic mapping
 F - 2 scrolls of teleportation
 L - a scroll of amnesia
 M - a scroll of fear
 S - a scroll of enchant armour
 T - a scroll of noise {unknown}
Jewellery
 c - a ring of magical power (left front leg)
 f - a ring of protection from cold (right front leg)
 u - an amulet of resist corrosion (around neck)
 x - an uncursed ring of ice
 y - an uncursed ring of poison resistance
 D - an uncursed ring of fire
 J - an uncursed ring of regeneration
Potions
 b - 3 potions of curing
 e - 2 potions of flight
 m - a potion of restore abilities
 p - 4 potions of might
 r - 4 potions of heal wounds
 s - 2 potions of invisibility
 z - 2 potions of brilliance
Books
 d - a book of Changes

   Spells                             Type                      Level
   *Beastly Appendage                 Transmutation                1
   Sticks to Snakes                   Transmutation                2
   *Spider Form                       Transmutation/Poison         3
   Ice Form                           Ice/Transmutation            4
   *Blade Hands                       Transmutation                5


   Skills:
 + Level 9.2 Fighting
 + Level 7.7 Dodging
 * Level 11.6 Unarmed Combat
 + Level 7.4 Spellcasting
 + Level 8.4 Transmutations


You had 16 spell levels left.
You knew the following spells:

 Your Spells              Type           Power        Failure   Level  Hunger
a - Beastly Appendage     Trmt           ####..       3%          1    None
b - Spider Form           Trmt/Pois      ###.......   24%         3    ###....
c - Blade Hands           Trmt           ####......   32%         5    #####..


Dungeon Overview and Level Annotations

Branches:
Dungeon (9/16)             Temple (1/1) D:6            Lair (5/8) D:9
 Shoals (0/5) Lair:4       Spider (0/5) Lair:4
    Orc: D:9-12

Altars:
Ashenzari
Cheibriados
Dithmenos
Elyvilon
Fedhas
Kikubaaqudgha
Makhleb
Nemelex Xobeh
Okawaru
Sif Muna
Trog
Vehumet
Xom
Yredelemnul
Zin
The Shining One

Shops:
D:4 (   D:6 %   D:8 /:*

Annotations:
D:5 Garrluk's ghost, experienced FoFi
D:8 exclusion: oklob sapling


Innate Abilities, Weirdness & Mutations

((You can breathe waves of freezing cold.))*
((You can buffet flying creatures when you breathe cold.))*
((Your icy white scales are hard (AC +8).))*
Your body does not fit into most forms of armour.
Your cold-blooded metabolism reacts poorly to cold.
((Your flesh is cold resistant.))*
((You have large cloven feet.))*
((Your system is resistant to poisons.))*
You heal very quickly.


Message History

The eight-headed hydra is severely wounded.
The eight-headed hydra misses you. The eight-headed hydra bites you!
* * * LOW HITPOINT WARNING * * *
The eight-headed hydra bites you!
* * * LOW HITPOINT WARNING * * *
The eight-headed hydra closely misses you.
The eight-headed hydra completely misses you.
The eight-headed hydra misses you.
The eight-headed hydra completely misses you.
Unknown command.
You hit the eight-headed hydra.
The eight-headed hydra is severely wounded.
The eight-headed hydra completely misses you.
The eight-headed hydra misses you.
The eight-headed hydra completely misses you.
The eight-headed hydra bites you.
* * * LOW HITPOINT WARNING * * *
The eight-headed hydra barely misses you.
The eight-headed hydra bites you!
You die...

#..........## ##.
#......##..###....
#.###.###.#.#.......
## #####...........
#.#..........
#####............
#.#.............
##...............
#.#...sD..........
#..................
##.#................
##.................
###...............
#................
#####.......(....
##..#.......#
####.P...##


You could see an eight-headed hydra.

Vanquished Creatures
  An orb spider (Lair:4)
  Pikel (D:9)
  A hill giant (D:9)
  A spiny frog (Lair:1)
  A black mamba (Lair:3)
  3 komodo dragons
  A two-headed ogre (D:9)
  4 blink frogs
  7 sharks
  22 yaks
  5 hippogriffs
  Eustachio (D:4)
  A deep elf fighter (D:9)
  A wandering mushroom (D:8)
  5 porcupines
  2 orc warriors
  2 slaves (D:9)
  5 phantoms
  3 ogres
  7 crocodiles
  A yellow wasp (D:7)
  2 giant goldfish (Lair:1)
  3 centaurs
  Sigmund (D:5)
  3 big kobolds
  6 giant frogs
  5 giant slugs
  2 agate snails
  5 water moccasins
  A cyclops zombie (D:9)
  A gnoll sergeant (D:7)
  A troll zombie (D:7)
  A killer bee (D:7)
  2 vampire bats (Lair:1)
  5 wights (D:8)
  9 hounds
  2 big fish (Lair:1)
  6 crimson imps
  5 iguanas
  3 jellies
  A quasit (D:9)
  8 orc wizards
  4 scorpions
  14 worker ants
  4 sheep (Lair:4)
  An ogre skeleton (D:6)
  14 gnolls
  2 giant centipedes
  20 green rats
  21 adders
  An orc skeleton (D:7)
  4 giant mites
  An inept feature mimic (D:8)
  5 worms
  18 grey rats (Sewer)
  An iguana skeleton (D:4)
  2 giant eyeballs (D:5)
  9 giant geckos
  An ooze (D:5)
  28 orcs
  2 ball pythons (Sewer)
  34 bats
  A bat zombie (D:5)
  14 giant cockroaches
  13 hobgoblins
  11 jackals
  A giant gecko skeleton (D:6)
  6 giant newts
  A giant spore (D:7)
  12 goblins
  32 kobolds
  2 kobold skeletons (D:5)
  7 quokkas
  24 rats
  3 ballistomycetes (D:7)
460 creatures vanquished.

Vanquished Creatures (others)
  A slave (D:9)
  A bat (D:9)
  A quokka (D:3)
3 creatures vanquished.

Grand Total: 463 creatures vanquished

Notes
Turn   | Place    | Note
--------------------------------------------------------------
     0 | D:1      | HollowCharge, the Draconian Transmuter, began the quest for the Orb.
     0 | D:1      | Reached XP level 1. HP: 16/16 MP: 3/3
   407 | D:1      | Reached XP level 2. HP: 12/23 MP: 4/4
  1474 | D:2      | Found an ancient bone altar of Kikubaaqudgha.
  1508 | D:2      | Reached XP level 3. HP: 28/28 MP: 6/6
  2554 | D:3      | Reached XP level 4. HP: 36/36 MP: 8/8
  2623 | D:3      | Found a white marble altar of Elyvilon.
  2940 | D:3      | Found a blossoming altar of Fedhas.
  2956 | D:3      | Noticed an ogre
  2971 | D:3      | Killed an ogre
  2971 | D:3      | Reached skill level 4 in Unarmed Combat
  2971 | D:3      | Reached XP level 5. HP: 14/42 MP: 7/9
  3181 | D:3      | Learned a level 3 spell: Spider Form
  4170 | D:4      | Found a snail-covered altar of Cheibriados.
  4250 | D:4      | Noticed Eustachio
  4276 | D:4      | Killed Eustachio
  4276 | D:4      | Reached XP level 6. HP: 4/51 MP: 2/12
  4655 | D:4      | Noticed a phantom
  4679 | D:4      | Found Mnymi's Weapon Emporium.
  4898 | D:4      | Killed a phantom
  4898 | D:4      | Reached skill level 5 in Unarmed Combat
  5057 | D:4      | Your scales start taking on an icy white colour.
  5057 | D:4      | Gained mutation: Your flesh is cold resistant. [draconian maturity]
  5057 | D:4      | Reached XP level 7. HP: 55/57 MP: 14/14
  5143 | D:4      | Found a glowing drain.
  5165 | Sewer    | Entered a sewer
  6369 | D:5      | Entered Level 5 of the Dungeon
  6671 | D:5      | Noticed Garrluk's ghost (experienced FoFi)
  6754 | D:5      | Noticed Sigmund
  6772 | D:5      | Killed Sigmund
  6862 | D:5      | Reached XP level 8. HP: 52/67 MP: 14/17
  6864 | D:5      | Reached skill level 6 in Unarmed Combat
  6864 | D:5      | Paralysed by a giant eyeball for 4 turns
  7379 | D:6      | Reached skill level 5 in Fighting
  7456 | D:6      | Found Kaatuud's Food Shop.
  8244 | D:6      | Found a staircase to the Ecumenical Temple.
  8264 | Temple   | Entered the Ecumenical Temple
  8412 | Temple   | Became a worshipper of Dithmenos
  8975 | D:7      | Reached skill level 7 in Unarmed Combat
  9335 | D:7      | Found a sparkling altar of Nemelex Xobeh.
  9430 | D:7      | Gained mutation: You have large cloven feet. [potion of mutation]
  9430 | D:7      | Gained mutation: Your natural rate of healing is unusually fast. [potion of mutation]
  9430 | D:7      | Gained mutation: You heal very quickly. [potion of mutation]
  9470 | D:7      | Paralysed by a yellow wasp for 1 turns
  9504 | D:6      | HP: 3/68 [worker ant (1)]
  9641 | D:6      | Reached skill level 5 in Transmutations
  9660 | D:6      | Reached XP level 9. HP: 74/74 MP: 18/20
  9798 | D:7      | Paralysed by a yellow wasp for 3 turns
 10311 | D:7      | Found a shimmering altar of Xom.
 10454 | D:8      | Reached skill level 5 in Spellcasting
 10515 | D:8      | Found Fraokh's General Store.
 10559 | D:8      | Fraokh's General Store was a mimic.
 10580 | D:8      | Reached skill level 5 in Dodging
 10631 | D:8      | Reached skill level 8 in Unarmed Combat
 10863 | D:8      | Found Luips' Assorted Antiques.
 10936 | D:8      | Bought 3 scrolls of identify for 168 gold pieces
 10936 | D:8      | Bought a scroll labeled FALOGRE BLUELO for 28 gold pieces
 10936 | D:8      | Bought a scroll labeled FALOGRE BLUELO for 28 gold pieces
 11198 | D:8      | Found Diudwoj's Magical Wand Boutique.
 11249 | D:8      | Found Amihatas' Book Shop.
 11727 | D:8      | Found a blossoming altar of Fedhas.
 11981 | D:9      | Noticed a hill giant
 12011 | D:8      | Reached XP level 10. HP: 51/85 MP: 22/22
 12390 | D:9      | Noticed Pikel
 12484 | D:9      | Killed a hill giant
 12484 | D:9      | Reached skill level 9 in Unarmed Combat
 12746 | D:9      | Killed Pikel
 12797 | D:9      | Found a radiant altar of Vehumet.
 12882 | D:9      | Acquired Dithmenos' first power
 12997 | D:9      | Found a staircase to the Lair.
 13128 | D:9      | Learned a level 5 spell: Blade Hands
 13216 | Lair:1   | Entered Level 1 of the Lair of Beasts
 13297 | Lair:1   | Gained mutation: Your system is resistant to poisons. [potion of beneficial mutation]
 13366 | Lair:1   | Reached skill level 10 in Unarmed Combat
 13467 | Lair:1   | Reached XP level 11. HP: 64/93 MP: 25/25
 13526 | Lair:1   | Found a shadowy altar of Dithmenos.
 13886 | Lair:1   | Acquired Dithmenos' second power
 14424 | Lair:1   | Found a snail-covered altar of Cheibriados.
 14553 | Lair:1   | Upgraded the game from 0.14-a0-2746-g43b4f9c to 0.14-a0-2759-g5bb4bfe
 16178 | Lair:3   | Reached skill level 11 in Unarmed Combat
 16541 | Lair:4   | Found a staircase to the Shoals.
 17246 | Lair:4   | Noticed an orb spider
 17360 | Lair:4   | Found a hole to the Spider Nest.
 17495 | Lair:4   | Killed an orb spider
 17782 | Lair:5   | Reached XP level 12. HP: 81/103 MP: 27/27
 17850 | Lair:5   | Noticed an eight-headed hydra
 17872 | Lair:5   | HP: 5/103 [eight-headed hydra (9)]
 17873 | Lair:5   | HP: 2/103 [eight-headed hydra (3)]
 17873 | Lair:5   | Mangled by an eight-headed hydra

Action                   |  1- 3 |  4- 6 |  7- 9 | 10-12 || total
-------------------------+-------+-------+-------+-------++-------
Melee: Unarmed           |   223 |   176 |   789 |   867 ||  2055
 Cast: Beastly Appendage |    12 |    11 |    30 |    17 ||    70
       Spider Form       |       |     5 |    29 |    34 ||    68
       Blade Hands       |       |       |       |     1 ||     1
Invok: Shadow Step       |       |       |       |     3 ||     3
Evoke: Wand              |       |     1 |     5 |    12 ||    18
  Use: Scroll            |       |     1 |    20 |    11 ||    32
       Potion            |       |       |    11 |     3 ||    14
 Stab: Sleeping          |       |       |     1 |    10 ||    11
